 Dungeon Crawl Stone Soup version 0.31.0-11-ge490571c62 (console) character file.

Game seed: 8878192531487584737

21830 jejorda2 the Metamorph (level 12, -10/96 HPs)
             Began as a Black Draconian Berserker on Feb 2, 2024.
             Was a Priest of Trog.
             Killed from afar by a balrug (34 damage)
             ... with a fireball
             ... on level 2 of the Abyss.
             The game lasted 00:29:36 (12355 turns).

jejorda2 the Metamorph (Black Draconian Berserker) Turns: 12355, Time: 00:29:37

Health: -10/96     AC: 19    Str: 20    XL:     12   Next: 57%
Magic:  12/12      EV: 13    Int: 10    God:    Trog [***...]
Gold:   736        SH:  0    Dex: 10    Spells: 11/11 levels left

rFire   . .          .
                       - Unarmed
rCold   + . .        (no shield)
rNeg    . . .        (body armour unavailable)
rPois   +            (helmet restricted)
rElec   +            F - +2 cloak
rCorr   .            E - +2 pair of gloves
SInv    .            D - +0 pair of boots
Will    .....        n - amulet of the acrobat
Stlth   ++           G - ring of protection from cold
HPRegen 0.36/turn    k - ring "Reih" {rElec rPois AC+4 Str-3 Stlth+}
MPRegen 0.13/turn

%: acrobat
@: maw-form, on berserk cooldown, slowed, very slow
A: devouring maw, breathe lightning, AC +8, unfitting armour, electricity
resistance, cold-blooded
a: Breathe Lightning, Begin Untransformation, Renounce Religion, Berserk, Trog's
Hand


You were on level 2 of the Abyss.
You worshipped Trog.
Trog was most pleased with you.
You were a creature with a mouth for a stomach.
You visited 2 branches of the dungeon, and saw 13 of its levels.
You visited the Abyss 1 time.
You also visited: Volcano.

You collected 925 gold pieces.
You spent 189 gold pieces at shops.

Inventory:

Missiles
 g - 8 boomerangs (quivered)
 l - 12 javelins
 v - 4 atropa-tipped darts
 w - 16 poisoned darts
Armour
 D - a +0 pair of boots (worn)
 E - a +2 pair of gloves (worn)
 F - a +2 cloak (worn)
Jewellery
 k - the ring "Reih" (right hand) {rElec rPois AC+4 Str-3 Stlth+}
   (You found it on level 8 of the Dungeon)

   [ring of protection]

   AC+4:      It affects your AC (+4).
   Str-3:     It affects your strength (-3).
   rElec:     It insulates you from electricity.
   rPois:     It protects you from poison Stlth+: It makes you more stealthy.
 n - an amulet of the acrobat (around neck)
 G - a ring of protection from cold (left hand)
Talismans
 C - a maw talisman (active)
Wands
 a - a wand of mindburst (12)
 p - a wand of roots (1)
 y - a wand of quicksilver (3)
 A - a wand of paralysis (9)
 B - a wand of flame (24)
Scrolls
 c - 7 scrolls of immolation
 e - 4 scrolls of teleportation
 h - 2 scrolls of blinking
 r - a scroll of poison
 s - 3 scrolls of fear
 t - 3 scrolls of revelation
Potions
 d - 5 potions of curing
 f - 3 potions of heal wounds
 i - 4 potions of enlightenment
 j - 3 potions of invisibility
 m - a potion of resistance {unknown}
 o - 2 potions of attraction
 q - 3 potions of might
 u - a potion of lignification
 x - 2 potions of haste
 z - 2 potions of mutation
Miscellaneous
 b - a condenser vane


   Skills:
 - Level 6.0 Fighting
 + Level 5.2 Dodging
 - Level 10.0 Unarmed Combat
 - Level 6.0 Evocations
 * Level 15.2 Shapeshifting


You had 11 spell levels left.
You didn't know any spells.
Your spell library was empty.

Dungeon Overview and Level Annotations

Branches:
Dungeon (11/15)            Temple (0/1) D:7            Lair (2/5) D:9
    Orc (0/2) D:11        Volcano (visited)
  Swamp: Lair:2-3    Shoals: Lair:2-3     Snake: Lair:2-3    Spider: Lair:2-3

Altars:
Dithmenos
Hepliaklqana
Kikubaaqudgha
Qazlal
Trog
Uskayaw
Vehumet
Wu Jian
The Shining One

Shops:
D:1 *[[(   D:5 :   D:10 :=!(

Annotations:
D:8 4 runed translucent doors
D:11 1 runed translucent door, exclusion: door, brilapsti's ghost, journeyman TrFi
Lair:2 Sonja


Innate Abilities, Weirdness & Mutations

You are a creature with a mouth for a stomach.
Your midsection houses a second, enormous mouth.
You can breathe wild blasts of lightning.
Your glossy black scales are hard. (AC +8)
You cannot fit into any form of body armour.
You are resistant to electric shocks. (rElec)
You are cold-blooded and may be slowed by cold attacks.


Message History

You feel your anger nearly subside.
You are no longer berserk.
You are exhausted.
You feel yourself slow down.
The apocalypse crab breathes chaos at you.
The blast of chaos misses you.
You hear a shout!
You hit the apocalypse crab. You tail-slap the apocalypse crab.
The apocalypse crab is lightly wounded.
You are engulfed in seething chaos.
You feel as though you will be slow longer.
You hear a shout!
The apocalypse crab is engulfed in seething chaos.
The apocalypse crab looks weaker.
The apocalypse crab bites you but does no damage.
The apocalypse crab completely misses you.
A balrug comes into view.
It is wielding a +2 demon whip of flaming.
The balrug shouts!
You hit the apocalypse crab but do no damage.
You bite the apocalypse crab!
The apocalypse crab is moderately wounded.
You are engulfed in seething chaos.
The sixfirhy is engulfed in seething chaos.
The apocalypse crab is engulfed in seething chaos.
The apocalypse crab bites you. The apocalypse crab shocks you. You resist.
The apocalypse crab barely misses you.
The sixfirhy is engulfed in seething chaos.
You hit the apocalypse crab.
You bite the apocalypse crab, but do no damage.
The apocalypse crab is heavily wounded.
The balrug gestures at you. Something smites you!
* * * LOW HITPOINT WARNING * * *
The apocalypse crab closely misses you. The apocalypse crab claws you.
* * * LOW HITPOINT WARNING * * *
A naga warrior simulacrum comes into view.
The balrug gestures at you.
The fireball explodes!
The fireball engulfs the apocalypse crab.
The apocalypse crab resists.
The fireball engulfs you!!
You die...

.. ~≈# # . .#~~.
## #..##.# # #
#...## ## #
###.#..##..#
.#♣~##..........
#.~~≈ ...#.#§....
##~~..###..## # .
.. ..##... #.#W##
# . ♣... ##3#t..#
# ~≈~#..
.........2#
~x≈~~~≈.#..#....#Z
#
..~~#♣##...#.##..#
#. ♣ . #... #.# .
#.... .# ≈. .. .


You could see a balrug, an apocalypse crab (weak), a sixfirhy and a naga warrior
simulacrum (wandering).

Vanquished Creatures
  A tentacled starspawn (Abyss:2)
  Snorg (D:10)
  A centaur warrior (D:8)
  2 two-headed ogres
  A deep elf pyromancer (D:11)
  Pikel (D:9)
  A spriggan simulacrum (Abyss:2)
  A cyclops (D:11)
  Maurice (D:9)
  5 elephants (Lair:2)
  Joseph (D:9)
  A gargoyle (Volcano)
  3 cane toads
  Jeremiah (D:8)
  An unseen horror (D:11)
  A kobold demonologist (D:9)
  A large abomination (Abyss:2)
  2 komodo dragons (Lair:1)
  An efreet (Volcano)
  2 trolls
  An ancient zyme (Abyss:2)
  Prince Ribbit (D:8)
  3 wyverns
  19 yaks
  2 wraiths
  2 fire elementals (Volcano)
  A small abomination (Abyss:2)
  Grum (D:9)
  A steam dragon (Lair:1)
  A basilisk (Lair:1)
  2 acid dragons
  7 water moccasins
  A sky beast (D:7)
  8 orc warriors
  2 ice beasts (D:6)
  3 wolves (D:9)
  An ogre (D:6)
  5 centaurs
  2 phantoms (D:5)
  A lemure (D:9)
  2 kobold brigands
  2 earth elementals (Volcano)
  8 bullfrogs
  3 scorpions
  A killer bee (D:8)
  2 howler monkeys (D:8)
  2 bombardier beetles
  A crimson imp (Abyss:2)
  11 orc priests
  3 hounds
  A jelly (D:7)
  2 gnoll boudas
  3 sleepcaps
  14 orc wizards
  6 iguanas
  2 hell rats (Lair:1)
  13 gnolls
  9 adders
  7 river rats (Lair:1)
  2 white imps (D:6)
  2 ufetubi (D:7)
  3 ribbon worms
  4 dart slugs
  49 orcs
  5 bats (D:1)
  10 endoplasms
  4 giant cockroaches
  5 goblins
  4 hobgoblins
  6 jackals
  10 kobolds
  6 quokkas
  7 ball pythons
  3 frilled lizards
  5 rats
310 creatures vanquished.

Vanquished Creatures (others)
  A stone giant (Volcano)
  A large abomination (Abyss:2)
  2 starspawn tentacles (Abyss:2)
4 creatures vanquished.

Grand Total: 314 creatures vanquished

Notes
Turn   | Place    | Note
-------+----------+-------------------------------------------
     0 | D:1      | jejorda2 the Draconian Berserker began the quest for the
                  | Orb.
     0 | D:1      | Reached XP level 1. HP: 19/19 MP: 1/1
   138 | D:1      | Found Hujaomei's Antique Armour Boutique.
   145 | D:1      | Reached XP level 2. HP: 21/26 MP: 2/2
   150 | D:1      | Reached skill level 1 in Shapeshifting
   255 | D:1      | Found Lapninar's Antique Weapon Shoppe.
   320 | D:1      | Reached ** piety under Trog
   326 | D:1      | Found Pelei's Armour Emporium.
   332 | D:1      | Reached XP level 3. HP: 31/33 MP: 3/3
   389 | D:1      | Found Nymee's Assorted Antiques.
   753 | D:2      | Reached skill level 2 in Shapeshifting
  1119 | D:2      | Reached XP level 4. HP: 40/40 MP: 4/4
  1293 | D:2      | Identified the +4 ring mail "Efuotyce" {^Drain rCorr Int+3
                  | Slay+3}
  1641 | D:3      | Reached *** piety under Trog
  2085 | D:4      | Noticed a scorpion
  2092 | D:4      | Killed a scorpion
  2093 | D:4      | Reached skill level 3 in Shapeshifting
  2093 | D:4      | Reached XP level 5. HP: 15/47 MP: 5/5
  2372 | D:4      | Reached XP level 6. HP: 47/53 MP: 6/6
  2592 | D:4      | Reached skill level 4 in Shapeshifting
  3347 | D:5      | Entered Level 5 of the Dungeon
  3503 | D:5      | Reached skill level 5 in Fighting
  3510 | D:5      | Your scales start taking on a glossy black colour.
  3510 | D:5      | Reached XP level 7. HP: 25/61 MP: 7/7
  3510 | D:5      | Gained mutation: You are resistant to electric shocks.
                  | (rElec) [Black Draconian growth]
  3544 | D:5      | Found Ysaas's Tremendous Tomes.
  3992 | D:5      | Reached skill level 5 in Unarmed Combat
  3992 | D:5      | Reached skill level 5 in Shapeshifting
  4557 | D:6      | Reached XP level 8. HP: 31/70 MP: 8/8
  4603 | D:6      | Reached skill level 6 in Shapeshifting
  4834 | D:6      | Reached **** piety under Trog
  4885 | D:6      | Found an ancient bone altar of Kikubaaqudgha.
  5303 | D:7      | Found a hide-covered altar of Uskayaw.
  5306 | D:7      | Reached skill level 7 in Shapeshifting
  5388 | D:7      | Found a staircase to the Ecumenical Temple.
  5496 | D:7      | Found an ornate altar of the Wu Jian Council.
  5602 | D:7      | Identified the +2 chain mail of the Morning Star {rPois
                  | rC+++ Slay-2 Stlth+}
  5754 | D:7      | Reached skill level 8 in Shapeshifting
  5805 | D:7      | Reached XP level 9. HP: 55/75 MP: 9/9
  5943 | D:7      | Found a hazy altar of Hepliaklqana.
  6296 | D:1      | Bought a scroll labelled LIXECO IHAHOB for 33 gold pieces
  6296 | D:1      | Bought a scroll labelled TEARIE XEAKLY for 33 gold pieces
  6296 | D:1      | Bought a scroll labelled ASUGHU ZUT QIV for 33 gold pieces
  6312 | D:1      | Bought a +0 pair of boots for 45 gold pieces
  6312 | D:1      | Bought a +0 pair of gloves for 45 gold pieces
  6574 | D:8      | Found a stormy altar of Qazlal.
  6900 | D:8      | Noticed Prince Ribbit
  6914 | D:8      | Killed Prince Ribbit
  7049 | D:8      | Found a bloodstained altar of Trog.
  7069 | D:8      | Noticed Jeremiah
  7077 | D:8      | Killed Jeremiah
  7078 | D:8      | Reached skill level 9 in Shapeshifting
  7311 | D:8      | Found a large runed translucent door.
  7311 | D:8      | Found a large runed translucent door.
  7312 | D:8      | Noticed a troll
  7312 | D:8      | Noticed a two-headed ogre
  7324 | D:8      | Found a large runed translucent door.
  7324 | D:8      | Found a large runed translucent door.
  7385 | D:8      | Noticed a centaur warrior
  7399 | D:8      | Killed a centaur warrior
  7400 | D:8      | Reached skill level 10 in Shapeshifting
  7440 | D:8      | Identified the ring "Reih" {rElec rPois AC+4 Str-3 Stlth+}
  7505 | D:8      | Reached XP level 10. HP: 79/83 MP: 10/10
  7709 | D:9      | Noticed Grum
  7731 | D:9      | Killed Grum
  7866 | D:9      | Found a shadowy altar of Dithmenos.
  7923 | D:9      | Reached skill level 11 in Shapeshifting
  8000 | D:9      | Found a staircase to the Lair.
  8039 | D:9      | Noticed Pikel
  8046 | D:9      | Noticed Maurice
  8056 | D:9      | Killed Pikel
  8059 | D:9      | Maurice stole 7 poisoned darts
  8077 | D:9      | Something stole a maw talisman
  8083 | D:9      | Something stole 375 gold
  8114 | D:9      | Killed Maurice
  8477 | D:9      | Found a radiant altar of Vehumet.
  8597 | D:9      | Found a glowing golden altar of the Shining One.
  8751 | D:9      | Noticed Joseph
  8759 | D:9      | Killed Joseph
  8838 | D:10     | Entered Level 10 of the Dungeon
  8867 | D:10     | Found Vehugunn's Distillery.
  8990 | D:10     | Reached skill level 1 in Evocations
  8992 | D:10     | Reached skill level 12 in Shapeshifting
  9047 | D:10     | Reached skill level 10 in Unarmed Combat
  9047 | D:10     | Reached XP level 11. HP: 65/89 MP: 11/11
  9174 | D:10     | Noticed a two-headed ogre
  9184 | D:10     | Killed a two-headed ogre
  9211 | D:10     | Found Roawk's Antique Weapon Emporium.
  9272 | D:10     | Noticed Snorg
  9282 | D:10     | Killed Snorg
  9379 | D:10     | Found Gitithoe's Jewellery Emporium.
  9430 | D:10     | Found Kithri's Book Emporium.
  9824 | D:11     | Noticed a deep elf pyromancer
  9839 | D:11     | Killed a deep elf pyromancer
 10057 | D:11     | Reached skill level 13 in Shapeshifting
 10117 | D:11     | Identified the +3 ring mail "Sautim" {Will+}
 10247 | D:11     | Found a staircase to the Orcish Mines.
 10475 | D:11     | Noticed a two-headed ogre
 10483 | D:11     | Killed a two-headed ogre
 10508 | D:11     | Noticed brilapsti's ghost (journeyman TrFi)
 10519 | D:11     | Reached skill level 5 in Evocations
 10544 | D:11     | Found a runed translucent door.
 10767 | Lair:1   | Entered Level 1 of the Lair of Beasts
 10802 | Lair:1   | Found a dark tunnel.
 10809 | Volcano  | Entered a volcano
 10947 | Volcano  | Noticed a stone giant
 10955 | Volcano  | Killed a stone giant
 11110 | Lair:1   | Reached skill level 14 in Shapeshifting
 11320 | Lair:1   | Reached XP level 12. HP: 96/96 MP: 12/12
 12102 | Lair:2   | Noticed Sonja
 12114 | Abyss:2  | Cast into level 2 of the Abyss (Sonja)
 12304 | Abyss:2  | Reached skill level 15 in Shapeshifting
 12341 | Abyss:2  | Noticed a tentacled starspawn
 12348 | Abyss:2  | Killed a tentacled starspawn
 12349 | Abyss:2  | Reached skill level 5 in Dodging
 12353 | Abyss:2  | Noticed a balrug
 12355 | Abyss:2  | Killed from afar by a balrug

Illustrated notes

Levels and vault maps discovered:
D:1:      dpeg_arrival_chambers_temple_mockup, layout_loops_cross, serial_shops,
          shop, nicolae_shop_behind_doors, shop, shop, minivault_14,
          minmay_small_reverse_x
D:2:      layout_basic
D:3:      layout_rooms, minmay_misc_feat_tiny
D:4:      layout_basic
D:5:      layout_basic, nicolae_shop_i_like_big_books
D:6:      layout_basic, kiku_gazebo_pond_becter
D:7:      layout_gridville, lemuel_crystal_altar, mainiacjoe_overflow_24_doors,
          nzn_hepliaklqana_mist_gate, minmay_temple_entry_statues
D:8:      layout_loops_ring, nicolae_qazlal_general_emergency,
          mainiacjoe_overflow_paths, minmay_hollow_rounded_squares,
          uniq_prince_ribbit1, uniq_jeremiah
D:9:      layout_basic, tso_altar, mainiacjoe_overflow_boulevard,
          fiery_altar_vehumet, dpeg_oklobed_lair, uniq_maurice, uniq_grum,
          uniq_pikel, uniq_joseph
D:10:     layout_basic, serial_shops, nicolae_shop_trees, shop, shop, shop,
          uniq_snorg
D:11:     layout_loops_ring, david_orc_4, hellmonk_ghost_big_iron
Lair:1:   layout_regular_city, nicolae_volcano_entry_two_sided,
          kennysheep_rathole
Lair:2:   layout_long_grid, alex1729_snake_entry_snake, beast_lair_carwin_2,
          serial_bayou_shore_b, uniq_sonja
Abyss:2:  base:
Lair:2

Skill      XL: |  1  2  3  4  5  6  7  8  9 10 11 12 |
---------------+-------------------------------------+-----
Shapeshifting  | 1 2 3 4 5 8 10 12 14 15 | 15.2
Fighting       | 4 5 6 |  6.0
Unarmed Combat | 4 5 6 8 10 | 10.0
Evocations     | 1 6 |  6.0
Dodging        | 5 |  5.2

Action                     |  1- 3 |  4- 6 |  7- 9 | 10-12 || total
---------------------------+-------+-------+-------+-------++-------
  Melee: Unarmed           |   129 |   157 |   268 |   482 ||  1036
         Tailslap          |    14 |    19 |    33 |    77 ||   143
         Punch             |     2 |     2 |     9 |    39 ||    52
         Maw               |       |    12 |    85 |   178 ||   275
  Throw: Boomerang         |       |       |     4 |     9 ||    13
         Javelin           |       |       |     4 |       ||     4
 Invoke: Berserk           |     1 |     1 |     3 |    10 ||    15
         Trog's Hand       |       |     1 |     4 |    12 ||    17
Ability: Breathe Lightning |       |       |     4 |     7 ||    11
  Evoke: Wand              |       |       |       |     2 ||     2
    Use: Potion            |       |       |     2 |     1 ||     3
         Scroll            |       |       |    20 |     6 ||    26
   Stab: Sleeping          |     1 |     2 |     2 |     5 ||    10
         Distracted        |       |       |     1 |       ||     1
 Armour: Skin              |    69 |    68 |   148 |   364 ||   649
  Dodge: Dodged            |   114 |    83 |   179 |   272 ||   648
   Form: Beast             |       |     1 |       |       ||     1
         Maw               |       |     1 |       |       ||     1
